PCL
VANCOUVER VIPERS @ SAN JOSE MISSIONS
08/21/2023
 
TOP OF THE 1ST
Vancouver Vipers batting - Pitching for San Jose Missions : LHP Floyd Dye
Pitching: LHP Floyd Dye
Batting: LHB Mike Williams 0-0: Swinging Strike
0-1: Ball
1-1: Ball
2-1: Foul Ball, location: 2F
2-2: Ball
3-2: SINGLE (Flyball, 8RS)
Batting: RHB Pedro Fuentes 0-0: Ball
1-0: Ball
Wild Pitch!
Mike Williams to second
2-0: SINGLE (Line Drive, 56D)
Mike Williams to third
Batting: RHB Xavier Feliciano 0-0: Called Strike
0-1: Ball
1-1: Foul Ball, location: 2F
1-2: Foul Ball, location: 2F
1-2: DOUBLE (Flyball, 89D)
Mike Williams scores
Pedro Fuentes to third
Batting: RHB Arthur Dumais 0-0: Ball
1-0: Ball
2-0: Ball
3-0: Base on Balls
Batting: RHB Enrique Flores 0-0: Ball
1-0: Called Strike
1-1: Ball
2-1: Ball
3-1: Base on Balls
Pedro Fuentes scores
Xavier Feliciano to third
Arthur Dumais to second
Batting: RHB Mario López 0-0: Called Strike
0-1: Foul Ball, location: 2F
0-2: Foul Ball, location: 2F
0-2: Foul Ball, location: 2F
0-2: Reached on error, E5 (Groundball, 56)
Xavier Feliciano scores
Arthur Dumais to third
Enrique Flores to second
Batting: SHB Henry Copeland 0-0: Fly out, F4 (Popup, 4D)
Batting: RHB Tomás Estrada 0-0: Fly out, F8 (Flyball, 8RD)
Runner from 3rd tags up, SCORES, no throw
Batting: RHB Kenneth Corbitt 0-0: Ball
1-0: Ball
2-0: Ball
3-0: Called Strike
3-1: Foul Ball, location: 2F
3-2: Strikes out looking
Top of the 1st over - 4 run(s), 3 hit(s), 1 error(s), 2 left on base; Vancouver 4 - San Jose 0
BOTTOM OF THE 1ST
San Jose Missions batting - Pitching for Vancouver Vipers : RHP Gustavo Ramos
Pitching: RHP Gustavo Ramos
Batting: RHB Greg Ball 0-0: Called Strike
0-1: Ball
1-1: Ground out 5-3 (Groundball, 5)
Batting: LHB Mel Jones 0-0: Foul Ball, location: 2F
0-1: Foul Ball, location: 2F
0-2: Foul Ball, location: 2F
0-2: Fly out, F7 (Flyball, 7M)
Batting: RHB Ed Starr 0-0: Ball
1-0: Swinging Strike
1-1: Called Strike
1-2: Ball
2-2: Foul Ball, location: 2F
2-2: Strikes out swinging
Bottom of the 1st over - 0 run(s), 0 hit(s), 0 error(s), 0 left on base; Vancouver 4 - San Jose 0
TOP OF THE 2ND
Vancouver Vipers batting - Pitching for San Jose Missions : LHP Floyd Dye
Batting: LHB Mike Williams 0-0: Called Strike
0-1: Called Strike
0-2: Ball
1-2: TRIPLE (Flyball, 8RD)
Batting: RHB Pedro Fuentes 0-0: Called Strike
0-1: Foul Ball, location: 2F
0-2: Ball
1-2: Ball
2-2: Foul Ball, location: 2F
2-2: Ball
3-2: Foul Ball, location: 2F
3-2: Base on Balls
Batting: RHB Xavier Feliciano 0-0: Ball
Throwing error on steal attempt, E2
Mike Williams scores
Pedro Fuentes to third
1-0: Foul Ball, location: 2F
1-1: Foul Ball, location: 2F
1-2: Strikes out swinging
Batting: RHB Arthur Dumais 0-0: Ground out 5-3 (Groundball, 5D)
Batting: RHB Enrique Flores 0-0: Called Strike
0-1: Ball
1-1: Foul Ball, location: 2F
1-2: Ball
2-2: SINGLE (Line Drive, 9S)
Pedro Fuentes scores
Batting: RHB Mario López 0-0: Called Strike
0-1: Ball
1-1: Ball
2-1: Foul Ball, location: 2F
2-2: Ground out 5-3 (Groundball, 56)
Top of the 2nd over - 2 run(s), 2 hit(s), 1 error(s), 1 left on base; Vancouver 6 - San Jose 0
BOTTOM OF THE 2ND
San Jose Missions batting - Pitching for Vancouver Vipers : RHP Gustavo Ramos
Batting: LHB Miguel Montés 0-0: Ball
1-0: Ball
2-0: Ground out 3-1 (Groundball, 3L)
Batting: LHB Raúl García 0-0: Called Strike
0-1: Ball
1-1: Foul Ball, location: 2F
1-2: Ground out U3 (Groundball, 3)
Batting: RHB Chang-geun Kim 0-0: Called Strike
0-1: Swinging Strike
0-2: Ball
1-2: Foul Ball, location: 2F
1-2: Ball
2-2: Strikes out swinging
Bottom of the 2nd over - 0 run(s), 0 hit(s), 0 error(s), 0 left on base; Vancouver 6 - San Jose 0
TOP OF THE 3RD
Vancouver Vipers batting - Pitching for San Jose Missions : LHP Floyd Dye
Batting: SHB Henry Copeland 0-0: Ball
1-0: Called Strike
1-1: Ball
2-1: Foul Ball, location: 2F
2-2: Strikes out swinging
Batting: RHB Tomás Estrada 0-0: Ball
1-0: Ball
2-0: Foul Ball, location: 2F
2-1: Called Strike
2-2: SINGLE (Flyball, 8RS)
Batting: RHB Kenneth Corbitt 0-0: Called Strike
0-1: Ball
1-1: Ball
Tomás Estrada steals 2nd base
2-1: Foul Ball, location: 2F
2-2: Fly out, F3 (Popup, 3F)
Batting: LHB Mike Williams 0-0: Called Strike
0-1: Ball
Wild Pitch!
Tomás Estrada to third
1-1: Ground out 4-3 (Groundball, 4M)
Top of the 3rd over - 0 run(s), 1 hit(s), 0 error(s), 1 left on base; Vancouver 6 - San Jose 0
BOTTOM OF THE 3RD
San Jose Missions batting - Pitching for Vancouver Vipers : RHP Gustavo Ramos
Batting: RHB Mike Gordon 0-0: Ball
1-0: Called Strike
1-1: Swinging Strike
1-2: Fly out, F5 (Popup, 5)
Batting: RHB Goro Tanabe 0-0: Swinging Strike
0-1: Ball
1-1: Ground out 1-3 (Groundball, 15S)
Batting: RHB Josh Powell 0-0: Ground out 5-3 (Groundball, 56)
Bottom of the 3rd over - 0 run(s), 0 hit(s), 0 error(s), 0 left on base; Vancouver 6 - San Jose 0
TOP OF THE 4TH
Vancouver Vipers batting - Pitching for San Jose Missions : LHP Floyd Dye
Pitching: RHP Gabriel Moore
Batting: RHB Pedro Fuentes 0-0: Ball
1-0: Called Strike
1-1: SOLO HOME RUN (Flyball, 7D), Distance : 374 ft
Pitching: RHP Anthony Jones
Batting: RHB Xavier Feliciano 0-0: Fly out, F9 (Flyball, 89M)
Pitching: RHP Oliver Meléndez
Batting: RHB Arthur Dumais 0-0: Called Strike
0-1: Ball
1-1: Foul Ball, location: 2F
1-2: Ball
2-2: Ball
3-2: Base on Balls
Batting: RHB Enrique Flores 0-0: Foul Ball, location: 2F
0-1: Ball
1-1: Foul Ball, location: 2F
1-2: Ball
2-2: Grounds into double play, 5-4-3 (Groundball, 5)
Top of the 4th over - 1 run(s), 1 hit(s), 0 error(s), 0 left on base; Vancouver 7 - San Jose 0
BOTTOM OF THE 4TH
San Jose Missions batting - Pitching for Vancouver Vipers : RHP Gustavo Ramos
Batting: RHB Greg Ball 0-0: Foul Ball, location: 2F
0-1: Foul Ball, location: 2F
0-2: Ball
1-2: Ball
2-2: Ball
3-2: Foul Ball, location: 2F
3-2: Fly out, F9 (Line Drive, 89M)
Batting: LHB Mel Jones 0-0: Ball
1-0: Ball
2-0: Called Strike
2-1: Foul Ball, location: 2F
2-2: Foul Ball, location: 2F
2-2: SINGLE (Flyball, 7LS)
Batting: RHB Ed Starr 0-0: Called Strike
0-1: Ball
1-1: Called Strike
1-2: Strikes out looking
Batting: LHB Miguel Montés 0-0: Ball
1-0: Ball
2-0: Ball
3-0: Ground out 4-3 (Groundball, 4)
Bottom of the 4th over - 0 run(s), 1 hit(s), 0 error(s), 1 left on base; Vancouver 7 - San Jose 0
TOP OF THE 5TH
Vancouver Vipers batting - Pitching for San Jose Missions : RHP Oliver Meléndez
Batting: RHB Mario López 0-0: Ball
1-0: Ball
2-0: Called Strike
2-1: Ground out 6-3 (Groundball, 56)
Batting: SHB Henry Copeland 0-0: Called Strike
0-1: SOLO HOME RUN (Flyball, 9LD), Distance : 358 ft
Batting: RHB Tomás Estrada 0-0: SINGLE (Line Drive, 56D)
Batting: RHB Kenneth Corbitt 0-0: Ball
1-0: Ball
2-0: Called Strike
2-1: Swinging Strike
2-2: Ball
Tomás Estrada steals 2nd base
3-2: Strikes out swinging
Batting: LHB Mike Williams 0-0: Called Strike
0-1: Called Strike
0-2: Strikes out swinging
Top of the 5th over - 1 run(s), 2 hit(s), 0 error(s), 1 left on base; Vancouver 8 - San Jose 0
BOTTOM OF THE 5TH
San Jose Missions batting - Pitching for Vancouver Vipers : RHP Gustavo Ramos
Batting: LHB Raúl García 0-0: Fly out, F8 (Flyball, 8RXD)
Batting: RHB Chang-geun Kim 0-0: Ball
1-0: Foul Ball, location: 2F
1-1: Ball
2-1: Ground out 6-3 (Groundball, 6)
Batting: RHB Mike Gordon 0-0: Fly out, F3 (Popup, 3F)
Bottom of the 5th over - 0 run(s), 0 hit(s), 0 error(s), 0 left on base; Vancouver 8 - San Jose 0
TOP OF THE 6TH
Vancouver Vipers batting - Pitching for San Jose Missions : RHP Oliver Meléndez
Batting: RHB Pedro Fuentes 0-0: Called Strike
0-1: Called Strike
0-2: Foul Ball, location: 2F
0-2: Ball
1-2: SINGLE (Groundball, 56D)
Batting: RHB Xavier Feliciano 0-0: Foul Ball, location: 2F
0-1: Ball
1-1: Foul Ball, location: 2F
1-2: Ball
2-2: Ball
3-2: Base on Balls
Pedro Fuentes to second
Batting: RHB Arthur Dumais 0-0: Ball
1-0: Called Strike
1-1: Ball
2-1: Ball
3-1: Foul Ball, location: 2F
3-2: DOUBLE (Flyball, 8RXD)
Pedro Fuentes scores
Xavier Feliciano to third
Runner from 3rd tries for Home, SAFE, no throw or cutoff
Batting: RHB Enrique Flores 0-0: Ball
1-0: Called Strike
1-1: Fly out, F7 (Flyball, 7D)
Runner from 2nd tags up, SAFE at 3rd, no throw
Batting: RHB Mario López 0-0: Foul Ball, location: 2F
0-1: Fly out, F6 (Line Drive, 6)
Batting: SHB Henry Copeland 0-0: Ball
1-0: Swinging Strike
1-1: Ball
2-1: Fly out, F9 (Flyball, 89D)
Top of the 6th over - 2 run(s), 2 hit(s), 0 error(s), 1 left on base; Vancouver 10 - San Jose 0
BOTTOM OF THE 6TH
San Jose Missions batting - Pitching for Vancouver Vipers : RHP Gustavo Ramos
Batting: RHB Goro Tanabe 0-0: SINGLE (Groundball, 6M)
Batting: RHB Josh Powell 0-0: Ball
Goro Tanabe steals 2nd base
1-0: Ground out 4-3 (Groundball, 13)
Goro Tanabe to third
Batting: RHB Greg Ball 0-0: Swinging Strike
0-1: Foul Ball, location: 2F
0-2: Ball
1-2: SINGLE (Groundball, 56) (infield hit)
Goro Tanabe scores
Batting: LHB Mel Jones 0-0: Fly out, F6 (Popup, 56)
Batting: RHB Ed Starr 0-0: Ball
1-0: Called Strike
1-1: Ball
2-1: Foul Ball, location: 2F
2-2: Ball
3-2: Strikes out looking
Bottom of the 6th over - 1 run(s), 2 hit(s), 0 error(s), 1 left on base; Vancouver 10 - San Jose 1
TOP OF THE 7TH
Vancouver Vipers batting - Pitching for San Jose Missions : RHP Oliver Meléndez
Batting: RHB Tomás Estrada 0-0: Ball
1-0: Ball
2-0: Called Strike
2-1: Foul Ball, location: 2F
2-2: Ground out 6-3 (Groundball, 6M)
Batting: RHB Kenneth Corbitt 0-0: Called Strike
0-1: Ball
1-1: Ball
2-1: Fly out, F7 (Flyball, 7M)
Pitching: RHP Jeff Campbell
Batting: LHB Mike Williams 0-0: Called Strike
0-1: Ball
1-1: Ball
2-1: Ball
3-1: Base on Balls
Batting: RHB Pedro Fuentes 0-0: Swinging Strike
0-1: Foul Ball, location: 2F
0-2: Ball
1-2: Ball
2-2: Foul Ball, location: 2F
2-2: Foul Ball, location: 2F
2-2: Foul Ball, location: 2F
2-2: TRIPLE (Groundball, 3L)
Mike Williams scores
Batting: RHB Xavier Feliciano 0-0: Ball
1-0: Foul Ball, location: 2F
1-1: Called Strike
1-2: Ground out 4-3 (Groundball, 4M)
Top of the 7th over - 1 run(s), 1 hit(s), 0 error(s), 1 left on base; Vancouver 11 - San Jose 1
BOTTOM OF THE 7TH
San Jose Missions batting - Pitching for Vancouver Vipers : RHP Gustavo Ramos
Batting: LHB Miguel Montés 0-0: Called Strike
0-1: Ground out U3 (Groundball, 3)
Batting: LHB Raúl García 0-0: Fly out, F7 (Flyball, 78D)
Batting: RHB Chang-geun Kim 0-0: Ball
1-0: Foul Ball, location: 2F
1-1: Ball
2-1: Fly out, F8 (Flyball, 8LD)
Bottom of the 7th over - 0 run(s), 0 hit(s), 0 error(s), 0 left on base; Vancouver 11 - San Jose 1
TOP OF THE 8TH
Vancouver Vipers batting - Pitching for San Jose Missions : RHP Jeff Campbell
Batting: RHB Arthur Dumais 0-0: Ball
1-0: Foul Ball, location: 2F
1-1: Foul Ball, location: 2F
1-2: Foul Ball, location: 2F
1-2: SINGLE (Line Drive, 56)
Batting: RHB Enrique Flores 0-0: Called Strike
0-1: Called Strike
0-2: Strikes out swinging
Batting: RHB Mario López 0-0: Ground out 5-3 (Groundball, 56S)
Arthur Dumais to second
Batting: SHB Henry Copeland 0-0: Called Strike
0-1: Fly out, F7 (Flyball, 7LS)
Top of the 8th over - 0 run(s), 1 hit(s), 0 error(s), 1 left on base; Vancouver 11 - San Jose 1
BOTTOM OF THE 8TH
San Jose Missions batting - Pitching for Vancouver Vipers : RHP Gustavo Ramos
Pitching: RHP Álex Villegas
Now at 1B: Marvin Workman
Batting: RHB Mike Gordon 0-0: Ground out 6-3 (Groundball, 6M)
Batting: RHB Goro Tanabe 0-0: Ball
1-0: Called Strike
1-1: Swinging Strike
1-2: Foul Ball, location: 2F
1-2: Ball
2-2: Strikes out swinging
Batting: RHB Josh Powell 0-0: Ball
1-0: Ball
2-0: Foul Ball, location: 2F
2-1: Called Strike
2-2: Ball
3-2: Base on Balls
Batting: RHB Greg Ball 0-0: Ball
1-0: Ball
Wild Pitch!
Josh Powell to second
2-0: Foul Ball, location: 2F
2-1: Ball
3-1: Ground out 6-3 (Groundball, 6)
Bottom of the 8th over - 0 run(s), 0 hit(s), 0 error(s), 1 left on base; Vancouver 11 - San Jose 1
TOP OF THE 9TH
Vancouver Vipers batting - Pitching for San Jose Missions : RHP Jeff Campbell
Batting: RHB Tomás Estrada 0-0: Ball
1-0: Ball
2-0: SINGLE (Groundball, 56D)
Batting: RHB Kenneth Corbitt 0-0: Called Strike
0-1: Sac Bunt - play at first, batter OUT! 5-3
Tomás Estrada to second
Batting: LHB Mike Williams 0-0: Ball
Balk!
Tomás Estrada to third
1-0: Ground out 6-3 (Groundball, 6)
Tomás Estrada scores
Batting: RHB Pedro Fuentes 0-0: Ball
1-0: Foul Ball, location: 2F
1-1: Ball
2-1: Foul Ball, location: 2F
2-2: SOLO HOME RUN (Line Drive, 7D), Distance : 373 ft
Batting: RHB Xavier Feliciano 0-0: Ball
1-0: Ball
2-0: Ball
3-0: Base on Balls
Pitching: LHP Michael Johnson
Batting: RHB Arthur Dumais 0-0: Ball
1-0: Ball
2-0: Ball
3-0: Base on Balls
Xavier Feliciano to second
Batting: RHB Enrique Flores 0-0: Ball
1-0: Ball
2-0: Ball
Wild Pitch!
Xavier Feliciano to third
Arthur Dumais to second
3-0: Base on Balls
Batting: RHB Mario López 0-0: Ball
1-0: Fly out, F8 (Flyball, 8RXD)
Top of the 9th over - 2 run(s), 2 hit(s), 0 error(s), 3 left on base; Vancouver 13 - San Jose 1
BOTTOM OF THE 9TH
San Jose Missions batting - Pitching for Vancouver Vipers : RHP Álex Villegas
Now in RF: Malcolm Thomas
Batting: LHB Mel Jones 0-0: Fly out, F3 (Popup, 34)
Batting: RHB Ed Starr 0-0: Ball
1-0: Foul Ball, location: 2F
1-1: Foul Ball, location: 2F
1-2: Ball
2-2: Strikes out swinging
Batting: LHB Miguel Montés 0-0: Ball
1-0: Called Strike
1-1: Ball
2-1: Ground out U3 (Groundball, 3)
Bottom of the 9th over - 0 run(s), 0 hit(s), 0 error(s), 0 left on base; Vancouver 13 - San Jose 1
This league is powered by Out of the Park Baseball, the baseball management simulation game for PC, Mac and Linux
Wednesday, December 2nd, 2015 - OOTP Baseball 16.8 Build 38